[Event "*** Titled Tuesday Blitz"]
[Site "Chess.com"]
[Date "2020.05.26"]
[Round "7"]
[White "m_ezat"]
[Black "Aleksandr_Kozak"]
[Result "1-0"]
[WhiteElo "2494"]
[BlackElo "2335"]
[TimeControl "180+1"]
[EndTime "11:21:52 PDT"]
[Termination "m_ezat won by checkmate"]

1. d4 g6 2. c4 Bg7 3. e4 d6 4.
Nc3 Nd7 5. Be2 e5 6. d5 Ne7 7.
h4 h6 8. h5 g5 9. g4 a5 10. f3 Nc5 11. Be3 b6 12. Nh3 O-O 13. Nf2 f5 14. exf5 Bxf5 15. Bxc5 bxc5 16. gxf5 Nxf5 17.
Nce4 Ne3 18. Qd2 Ng2+ 19. Kd1 Nh4 20. Qd3 Rf4 21. Kc2 a4 22. Ng4 Qf8 23. Rxh4 gxh4 24. Rh1 Qe7 25. Ne3 Qf7 26. Ng2 Rf5 27. Rxh4 a3 28.
Ng3 Rg5 29. Rg4 Rxg4 30. fxg4 Qf2 31. Qf3 Qd4 32. Nf5 Qxb2+ 33. Kd1 Qb1+ 34. Kd2 e4 35.
Qf4 Bc3+ 36. Ke3 Qc1+ 37. Kxe4 Re8+ 38. Kf3 Qxf4+ 39. Nxf4 Kh7 40. Ne6 Rb8 41. Bd3 Rb2 42. Nxd6+ Kg8 43. Ne4 Be5 44. g5 Rxa2 45. gxh6 Rb2 46.
N4g5 a2 47. h7+ Kh8 48. Nf7# 1-0

[Event "*** Titled Tuesday Blitz"]
[Site "Chess.com"]
[Date "2020.05.26"]
[Round "7"]
[White "MaxLeto"]
[Black "WinstonSilvakov"]
[Result "1-0"]
[WhiteElo "2312"]
[BlackElo "2091"]
[TimeControl "180+1"]
[EndTime "11:21:52 PDT"]
[Termination "MaxLeto won on time"]

1. g4 Nf6 2. g5 Nd5 3. d4 d6 4. Bg2 Nb6 5. Nc3 g6 6. h4 h5 7. gxh6 Bxh6 8. Bxh6 Rxh6 9. Qd2 Rh7 10. O-O-O Nc6 11. Nf3 Rh8 12. Ng5 f6 13. d5 Ne5 14.
f4 Nf7 15. Ne6 Bxe6 16. dxe6 Nh6 17. Bxb7 Rb8 18. Bc6+ Kf8 19. e4 Nc4 20. Qg2 Rg8 21. b3 Ne3 22. Qd2 Nxd1 23. Rxd1 Kg7 24. Nd5 Kh7 25.
Rg1 Qc8 26. Bd7 Qa6 27. a4 Rg7 28. h5 Rbg8 29. Rh1 gxh5 30. Rxh5 Rg1+ 31. Kb2 Qf1 32. Rxh6+ Kxh6 33. Kc3 Qe1 34. Qxe1 Rxe1 35. Nxe7 Rg3+ 36. Kb4 Rc1 37. c4 Rb1 38. Nf5+ Kh7 39. Nxg3 a5+ 40. Kxa5 Rxb3 41. e7 Rxg3 42. e8=Q Rg5+ 43. fxg5 1-0

[Event "*** Titled Tuesday Blitz"]
[Site "Chess.com"]
[Date "2020.05.26"]
[Round "7"]
[White "MFBerna"]
[Black "mjray79"]
[Result "0-1"]
[WhiteElo "2384"]
[BlackElo "2298"]
[TimeControl "180+1"]
[EndTime "11:21:53 PDT"]
[Termination "mjray79 won on time"]

1. e4 e5 2. Nf3 Nc6 3. Bb5 a6 4. Ba4 Nf6 5. O-O Be7 6. Re1 b5 7. Bb3 d6 8. c3 O-O 9. h3 Nb8 10. d4 Nbd7 11. Nbd2 c5 12. a4 Bb7 13. Bc2 Re8 14. Nf1 Bf8 15. Ng3 g6 16. Bg5 Bg7 17. Qd2 Qc7 18. d5 c4 19. Ra3 Nc5 20. Rea1 Nfd7 21.
axb5 axb5 22. Be3 Nb6 23. Bxc5 Qxc5 24. Ra7 Qc7 25. Qe3 Nd7 26. Nh2 Nc5 27. Qg5 Rxa7 28. Rxa7 Qb6 29. Ra1 b4 30. Ng4 bxc3 31. bxc3 Qb2 32.
Rc1 Bc8 33. Nh6+ Kf8 34. Kh2 Nd3 35. Bxd3 cxd3 36. Rd1 Qxc3 37. Ng4 Ba6 38. Nf6 Bxf6 39.
Qxf6 Kg8 40. Nf5 gxf5 41. Qg5+ Kf8 42. Qh6+ Ke7 43. Qg5+ Kd7 44. Qxf5+ Kd8 45. Qf6+ Kc8 46. Qxf7 Rd8 47. Rb1 Qc2 48. Qe6+ Kc7 49. Qe7+ Rd7 0-1

[Event "*** Titled Tuesday Blitz"]
[Site "Chess.com"]
[Date "2020.05.26"]
[Round "7"]
[White "levallem"]
[Black "gliglu"]
[Result "0-1"]
[WhiteElo "2167"]
[BlackElo "2380"]
[TimeControl "180+1"]
[EndTime "11:21:53 PDT"]
[Termination "gliglu won by checkmate"]

1. d4 g6 2. c4 Bg7 3. Nc3 d6 4.
Nf3 Nf6 5. e4 O-O 6. Be2 e5 7.
dxe5 dxe5 8. Qxd8 Rxd8 9. Bg5 Re8 10. Nd5 Nxd5 11. cxd5 c6 12. Bc4 b5 13. Bb3 a5 14. a4 Bb7 15. axb5 cxb5 16. O-O Nd7 17. Rfc1 a4 18. Bd1 Rac8 19. Nd2 Nc5 20. Be2 Ba6 21. Be3 Bf8 22. f3 f5 23. Rc2 Nb7 24. Rac1 Nd6 25. Rxc8 Rxc8 26. Rxc8 Nxc8 27. Nb1 Bb4 28. Bd3 f4 29.
Bd2 Bxd2 30. Nxd2 Nd6 31. Nb1 Bc8 32. Nc3 Bd7 33. Na2 Kf7 34. Kf2 Ke7 35. Ke2 Nb7 36.
Kd2 Kd6 37. Kc3 Kc5 38. Nb4 Na5 39. Na6+ Kb6 40. Nb4 g5 41. h3 Nb7 42. Nc2 Nc5 43.
Be2 Nb3 44. Nb4 Nd4 45. Bf1 h5 46. Nd3 Nb3 47. Nxe5 Be8 48. d6 Nc5 49. Kd4 b4 50. Nc4+ Kc6 51. e5 Ne6+ 52. Ke4 Bg6# 0-1

[Event "*** Titled Tuesday Blitz"]
[Site "Chess.com"]
[Date "2020.05.26"]
[Round "7"]
[White "VALPARAISO37"]
[Black "blitzking1729"]
[Result "1-0"]
[WhiteElo "2368"]
[BlackElo "2496"]
[TimeControl "180+1"]
[EndTime "11:21:54 PDT"]
[Termination "VALPARAISO37 won by resignation"]

1. d4 d6 2. e4 Nf6 3. f3 e5 4.
d5 g6 5. Be3 Bg7 6. c4 O-O 7.
Qd2 Nbd7 8. Nc3 a5 9. g4 Nc5 10. h3 b6 11. Nge2 a4 12. Ng3 Ne8 13. h4 f5 14.
gxf5 gxf5 15. Nh5 fxe4 16. fxe4 Bg4 17. Nxg7 Nxg7 18. Be2 Bxe2 19. Qxe2 Kh8 20. O-O-O Qd7 21. h5 Ne8 22. Rdf1 Nf6 23. Bg5 Ng4 24. Rhg1 Rxf1+ 25. Rxf1 Rg8 26. Rf5 h6 27. Bd2 Qg7 28. Kc2 Nf6 29.
Qf3 Rf8 30. Be3 Kh7 31. Bxc5 bxc5 32. Nxa4 Nd7 33. Nc3 Rxf5 34. Qxf5+ Kh8 35. a4 Nb6 36. b3 Qg2+ 37. Kd3 Qg3+ 38. Kd2 Qg2+ 39. Ne2 Qg7 40. a5 Na8 41. Qc8+ Kh7 42. Qxa8 Qg5+ 43. Kd3 Qg4 44. Qc6 Qf3+ 45. Kd2 Qxb3 46. Qxc7+ Kg8 47. Qxd6 Qb2+ 48. Ke3 Qb3+ 49. Kf2 Qxc4 50. Qg6+ Kf8 51. Qxh6+ Kf7 52. Qe6+ Kf8 53. Qxe5 Qc2 54. d6 Qd3 55. Qe7+ Kg8 56. d7 1-0

[Event "*** Titled Tuesday Blitz"]
[Site "Chess.com"]
[Date "2020.05.26"]
[Round "7"]
[White "Saloni1299"]
[Black "WhiteCapital80"]
[Result "0-1"]
[WhiteElo "2302"]
[BlackElo "2411"]
[TimeControl "180+1"]
[EndTime "11:21:55 PDT"]
[Termination "WhiteCapital80 won by resignation"]

1. e4 e6 2. d4 d5 3. Nc3 Nf6 4. Bg5 dxe4 5. Nxe4 Nbd7 6. Bd3 Be7 7. Bxf6 Nxf6 8. Nf3 b6 9. Bb5+ Bd7 10. Bd3 Bc6 11. Qe2 Nxe4 12. Bxe4 Bxe4 13. Qxe4 Qd5 14. Qxd5 exd5 15. O-O-O f6 16. Rhe1 Kd7 17. Nh4 g6 18. g3 Rae8 19. Ng2 Bd6 20. Kd2 c5 21. dxc5 bxc5 22. Ne3 Kc6 23. c4 dxc4 24. Nxc4 Bc7 25.
Kc3 h5 26. h3 f5 27. b3 h4 28. Rxe8 Rxe8 29. gxh4 Rh8 30. Rg1 Rh6 31. Rg5 Bd8 32.
Ne5+ Kd5 33. Rxg6 Rxh4 34. Nf7 Rxh3+ 35. Kd2 Ba5+ 36. Ke2 Kd4 37. Ng5 Rc3 38. Rd6+ Ke5 39. Re6+ Kf4 40. Nf7 Rc2+ 41. Kf1 Rxa2 42. Ra6 Ra1+ 43.
Kg2 Bc3 44. Rxa1 Bxa1 45. Nd6 Ke5 46. Nb5 a5 47. Kf3 Bb2 48. Na7 Kd5 49. Kf4 c4 50.
bxc4+ Kxc4 51. Kxf5 a4 52. Nc8 a3 53. Nb6+ Kb3 54.
Nd7 a2 55. Nc5+ Kc4 56. Nb3 Kxb3 0-1

[Event "*** Titled Tuesday Blitz"]
[Site "Chess.com"]
[Date "2020.05.26"]
[Round "7"]
[White "woodhy"]
[Black "Borsuk_Konstantin"]
[Result "0-1"]
[WhiteElo "2425"]
[BlackElo "2605"]
[TimeControl "180+1"]
[EndTime "11:21:56 PDT"]
[Termination "Borsuk_Konstantin won by checkmate"]

1. e4 e6 2. d4 d5 3. e5 c5 4. c3 Nc6 5. Be3 Nge7 6. Nf3 Nf5 7. Be2 Qb6 8. Qd2 Bd7 9. O-O Rc8 10. g4 Nxe3 11. fxe3 Be7 12. Kh1 Na5 13. b3 Nc6 14.
Bd3 Nd8 15. Qe2 a6 16. Nbd2 Bb5 17. c4 Bd7 18. g5 cxd4 19. exd4 Bc6 20. c5 Qc7 21. Rg1 a5 22. a3 b6 23. b4 axb4 24. axb4 bxc5 25. bxc5 Bd7 26. Raf1 Ra8 27. Nh4 Bc6 28.
Qh5 g6 29. Bxg6 fxg6 30. Nxg6 hxg6 31. Qxh8+ Kd7 32. Qg7 Bb5 33. Rf3 Ra2 34. Nb1 Be2 35. Re3 Bh5 36. Nc3 Rd2 37. Nb5 Qc6 38. Nd6 Rxd4 39. Qg8 Bxd6 40. exd6 Rf4 41. Rge1 d4+ 42. Kg1 dxe3 43. Qg7+ Kc8 44. Rxe3 Qxc5 45. Qc7+ Qxc7 46. Rc3 Qxc3 47. d7+ Kxd7 48. h4 Qe1+ 49. Kg2 Qf2+ 50. Kh3 Rf3# 0-1

[Event "*** Titled Tuesday Blitz"]
[Site "Chess.com"]
[Date "2020.05.26"]
[Round "7"]
[White "Richarzard69"]
[Black "maximnovik"]
[Result "1-0"]
[WhiteElo "2264"]
[BlackElo "2432"]
[TimeControl "180+1"]
[EndTime "11:21:56 PDT"]
[Termination "Richarzard69 won by checkmate"]

1. Nf3 Nf6 2. c4 g6 3. Nc3 d5 4.
cxd5 Nxd5 5. e4 Nb4 6. d4 Bg7 7.
a3 N4c6 8. d5 Ne5 9. Nxe5 Bxe5 10. f4 Bg7 11. Be2 c6 12. O-O cxd5 13. Nxd5 Be6 14.
Qa4+ Nc6 15. Rd1 O-O 16. Nf6+ exf6 17. Rxd8 Raxd8 18. Be3 f5 19. e5 f6 20. Bc4 Bxc4 21. Qxc4+ Kh8 22. e6 Rfe8 23. Re1 Bf8 24. Bc5 Bxc5+ 25.
Qxc5 Re7 26. b4 a6 27. a4 Rde8 28. b5 axb5 29. axb5 Nd8 30. Qd5 Nxe6 31. b6 Kg7 32.
Kf2 Nxf4 33. Rxe7+ Rxe7 34. Qd6 Re2+ 35. Kf1 Re4 36.
Qc7+ Kh6 37. Qxb7 Nd3 38. Qxe4 fxe4 39. b7 f5 40. b8=Q Kg7 41. Qc7+ Kh6 42. Qd6 Kg7 43.
Qe7+ Kh6 44. Qf8+ Kg5 45. Qg7 h5 46. g3 f4 47. Qe7+ Kf5 48. Qf7+ Kg5 49. Qd5+ Kg4 50. Qxe4 Nc5 51. Qxf4+ Kh3 52. Qh4# 1-0

[Event "*** Titled Tuesday Blitz"]
[Site "Chess.com"]
[Date "2020.05.26"]
[Round "7"]
[White "WiktoriaPOL"]
[Black "DonPreuss"]
[Result "0-1"]
[WhiteElo "1999"]
[BlackElo "2228"]
[TimeControl "180+1"]
[EndTime "11:21:56 PDT"]
[Termination "DonPreuss won on time"]

1. c4 Nc6 2. d4 e5 3. d5 Nce7 4.
e4 Ng6 5. Nf3 Bc5 6. Nc3 a6 7. a3 d6 8. b4 Ba7 9. Be2 N8e7 10.
O-O O-O 11. Be3 Bxe3 12. fxe3 f5 13. exf5 Nxf5 14. Qd2 Bd7 15. e4 Nfh4 16. c5 Nxf3+ 17. Bxf3 Nf4 18. cxd6 Qg5 19. Kh1 cxd6 20. g3 Nh3 21.
Qxg5 Nxg5 22. Bg2 Bh3 23. Bxh3 Nxh3 24. Kg2 Ng5 25. h4 Rxf1 26. Rxf1 Rc8 27. hxg5 Rxc3 28.
Rf3 Rc4 29. Re3 Kf7 30. Kf3 Kg6 31. Kg4 b6 32. Kh4 Rc1 33. Kg4 a5 34. bxa5 bxa5 35. Kh4 a4 36. Kg4 Rb1 37. Rc3 Rb3 38.
Rc6 Rxa3 39. Rxd6+ Kf7 40. Ra6 g6 41. Rf6+ Ke7 42.
Ra6 Kf7 43. Ra7+ Kf8 44. Ra8+ Ke7 45. Ra7+ Kd6 46. Ra6+ Kc5 47. Rc6+ Kb5 48. Rc7 Rd3 49. Ra7 Re3 50. d6 Rxe4+ 51. Kf3 Rd4 52. d7 Kb4 53.
Rb7+ Kc3 54. Ra7 Kb2 55. Ke3 a3 0-1

[Event "*** Titled Tuesday Blitz"]
[Site "Chess.com"]
[Date "2020.05.26"]
[Round "7"]
[White "Chessmatus"]
[Black "relaxx87"]
[Result "0-1"]
[WhiteElo "2496"]
[BlackElo "2679"]
[TimeControl "180+1"]
[EndTime "11:21:57 PDT"]
[Termination "relaxx87 won on time"]

1. e4 c5 2. Nf3 d6 3. d4 cxd4 4. Nxd4 Nf6 5. Nc3 a6 6. Be3 e6 7.
f3 h5 8. a4 Qc7 9. Be2 Nc6 10.
O-O Be7 11. Qe1 Bd7 12. Nb3 Na5 13. Nxa5 Qxa5 14. Qf2 Qc7 15. a5 Rc8 16. Bd3 Bc6 17.
Na4 Nd7 18. c4 Bxa4 19. Rxa4 Nc5 20. Bxc5 dxc5 21. f4 Rd8 22. Ra3 Rd4 23. e5 g6 24. Qe3 O-O 25. Kh1 Rfd8 26. h3 h4 27. Rf3 Kg7 28. Kh2 R8d7 29. Qe2 Qd8 30. Kh1 Kg8 31. Kh2 Bf8 32. Qe3 Bh6 33. Kh1 Kg7 34. Kh2 Rxf4 35. Rxf4 Qg5 36. Rxf7+ Rxf7 37. Qxg5 Bxg5 38.
Rb3 Bf4+ 39. Kg1 Bxe5 40. Rb6 Bd4+ 41. Kh2 Kf6 42. Be4 g5 43. Bd5 Re7 44. Bxb7 Ke5 45. Bxa6 Rf7 46. Bb7 Rf2 47. a6 Kf4 48. a7 Be5 0-1

[Event "*** Titled Tuesday Blitz"]
[Site "Chess.com"]
[Date "2020.05.26"]
[Round "7"]
[White "PawnEatingZombie"]
[Black "Kostya26"]
[Result "0-1"]
[WhiteElo "2262"]
[BlackElo "2461"]
[TimeControl "180+1"]
[EndTime "11:21:57 PDT"]
[Termination "Kostya26 won on time"]

1. d4 d5 2. c4 e6 3. Nc3 Nf6 4.
cxd5 exd5 5. Bg5 c6 6. e3 h6 7. Bh4 Bd6 8. Bd3 O-O 9. Nge2 Na6 10. h3 Nc7 11. O-O Qe7 12. Qc2 g5 13. Bg3 Bxg3 14. Nxg3 Kg7 15. Rae1 Be6 16. f4 g4 17.
f5 Qd6 18. Qf2 Bd7 19. e4 dxe4 20. Ngxe4 Nxe4 21. Nxe4 Qd5 22. hxg4 f6 23. Nc3 Qd6 24.
Bc4 Rae8 25. a3 Rxe1 26. Rxe1 Re8 27. Rxe8 Bxe8 28. Ne4 Qe7 29. Nc5 b6 30. Ne6+ Kh7 31.
Qf4 Nxe6 32. fxe6 Kg7 33. Kh2 Bg6 34. d5 cxd5 35. Bxd5 Bh7 36. Qb8 Bg8 37. Qc8 a5 38.
Qd7 Kf8 39. Kg3 Bh7 40. Kf4 Qxd7 41. exd7 Ke7 42. Bc6 Bg6 43. g3 Bc2 44. Ke3 Bb1 45. Kd4 Bc2 46. b4 axb4 47. axb4 Bd1 48. Ke3 Bxg4 49.
Kf4 Bxd7 50. Bd5 Be6 51. Be4 Bd7 52. Bd5 Kd6 53. Be4 Be6 0-1

[Event "*** Titled Tuesday Blitz"]
[Site "Chess.com"]
[Date "2020.05.26"]
[Round "7"]
[White "okriak"]
[Black "TargetA"]
[Result "1-0"]
[WhiteElo "2727"]
[BlackElo "2570"]
[TimeControl "180+1"]
[EndTime "11:21:58 PDT"]
[Termination "okriak won on time"]

1. Nf3 Nf6 2. c4 g6 3. Nc3 Bg7 4. e4 d6 5. d4 O-O 6. h3 c5 7. d5 e6 8. Bd3 exd5 9. exd5 Re8+ 10. Be3 Bf5 11. Bxf5 gxf5 12. O-O Ne4 13. Qc2 Bxc3 14.
bxc3 Nd7 15. Rab1 b6 16. a4 Qf6 17. Rb3 Kh8 18. a5 Rg8 19. Bf4 bxa5 20. Rb7 Nb6 21. Qd3 Rg7 22. Ne1 Nxc3 23. Bxd6 Qxd6 24. Qxc3 h6 25.
Rxf7 Rg8 26. Rxa7 Nd7 27. Rxa5 Nf6 28. f4 Ne4 29. Qe5 Qg6 30. Ra7 Kh7 31. Rxg7+ Rxg7 32. Rf3 Nd2 33. Rc3 Ne4 34. Rd3 Qh5 35. Qb2 Qh4 36. Nf3 Qxf4 37. d6 Nxd6 38. Qe5 Qxe5 39. Nxe5 Ne4 40. Rd5 Re7 41. Nf3 Kg6 42. Nh4+ Kf6 43.
Nxf5 Re5 44. Rxe5 Kxe5 45. Nxh6 Nd2 46. Ng4+ Kd4 47. h4 Nxc4 48. h5 Nd6 49. Kf2 c4 50. Ne3 Ne4+ 51. Kf3 c3 52. Nc2+ Kd3 53. Na3 1-0

[Event "*** Titled Tuesday Blitz"]
[Site "Chess.com"]
[Date "2020.05.26"]
[Round "7"]
[White "tylityli"]
[Black "andy_rekt"]
[Result "1-0"]
[WhiteElo "2304"]
[BlackElo "2159"]
[TimeControl "180+1"]
[EndTime "11:21:58 PDT"]
[Termination "tylityli won by checkmate"]

1. d4 e6 2. c4 Nf6 3. Nc3 Bb4 4. e3 O-O 5. Ne2 d5 6. cxd5 exd5 7. a3 Bd6 8. g3 c6 9. Bg2 Re8 10. O-O Nbd7 11. f3 Nf8 12. Qd3 g6 13. e4 dxe4 14. fxe4 Nh5 15. Nf4 Nxf4 16. Bxf4 Bc5 17. Rad1 Ne6 18.
dxc5 Qxd3 19. Rxd3 Nxc5 20. Rdd1 Bg4 21. Rd2 Nb3 22.
Rc2 Nd4 23. Rcf2 f6 24. h3 Be6 25. Rd1 c5 26. e5 Bb3 27. Re1 g5 28. Bc1 fxe5 29. Bxg5 Rab8 30. Bd5+ Bxd5 31. Nxd5 Rf8 32. Ne7+ Kg7 33. Ref1 Rxf2 34. Rxf2 Re8 35. Nf5+ Nxf5 36. Rxf5 Kg6 37. g4 b6 38. Kf2 e4 39. Be3 Rd8 40. Ke2 Rd3 41. Re5 Rb3 42. Rxe4 Rxb2+ 43. Kf3 Rb3 44. a4 a6 45. h4 b5 46. axb5 axb5 47. Kf4 c4 48. h5+ Kf7 49. Bd4 Rd3 50. g5 b4 51. Bf6 b3 52. Re7+ Kg8 53. Rb7 Rd2 54. Rb8+ Kf7 55. Rb7+ Kg8 56. Ke3 Rd3+ 57. Ke4 Rh3 58.
g6 Rxh5 59. Rb8# 1-0

[Event "*** Titled Tuesday Blitz"]
[Site "Chess.com"]
[Date "2020.05.26"]
[Round "7"]
[White "chess94cu"]
[Black "PavelChernomordik"]
[Result "1/2-1/2"]
[WhiteElo "2451"]
[BlackElo "2242"]
[TimeControl "180+1"]
[EndTime "11:21:59 PDT"]
[Termination "Game drawn by repetition"]

1. d4 g6 2. c4 Bg7 3. Nc3 d6 4. e4 c6 5. h3 a6 6. a4 a5 7.
Be3 Na6 8. Be2 Nb4 9. Nf3 Nf6 10. O-O O-O 11. Ne1 e5 12. dxe5 dxe5 13. Nd3 Qc7 14. Bc5 Rd8 15. Qb1 Nxd3 16. Bxd3 Nh5 17. Rd1 Nf4 18. Bf1 Ne6 19. Be3 Nd4 20. b4 axb4 21. Qxb4 Bf8 22. Qb2 f5 23. exf5 Bxf5 24. Bd3 Bxd3 25.
Rxd3 Nf3+ 26. gxf3 Rxd3 27. Ne4 Bg7 28. Kg2 Rf8 29. Qc2 Rd7 30. c5 h6 31. Nd6 Kh7 32.
Rb1 b5 33. axb5 cxb5 34. Rxb5 Qc6 35. Rb2 Qxf3+ 36. Kh2 Ra7 37. Qe2 Qc6 38. Rb1 e4 39.
Qg4 Be5+ 40. Kh1 Bxd6 41. cxd6 Rb7 42. Rd1 Rd7 43. Qe6 Rfd8 44. h4 Rxd6 45. Qf7+ Kh8 46.
Rxd6 Qxd6 47. Bxh6 Qe5 48. Bg5 Rd6 49. Qf8+ Kh7 50. Kg2 Re6 51. Qf7+ Kh8 52. Qf8+ Kh7 53. Qf7+ Kh8 54. Qf8+ Kh7 1/2-1/2

[Event "*** Titled Tuesday Blitz"]
[Site "Chess.com"]
[Date "2020.05.26"]
[Round "7"]
[White "ADODOVE"]
[Black "Supernotar"]
[Result "0-1"]
[WhiteElo "2000"]
[BlackElo "2702"]
[TimeControl "180+1"]
[EndTime "11:22:00 PDT"]
[Termination "Supernotar won by resignation"]

1. e4 c6 2. c4 d5 3. exd5 cxd5 4. cxd5 Nf6 5. Nc3 Nxd5 6. Nf3 Nc6 7. d4 g6 8. Qb3 Nxc3 9. Bc4 e6 10. bxc3 Bg7 11.
O-O O-O 12. Bg5 Qc7 13. Bd3 b6 14. Nd2 Bb7 15. Ne4 Rac8 16. Nf6+ Kh8 17. g3 h6 18. Bf4 Qe7 19. Ng4 Kh7 20. Rfe1 Na5 21. Qb2 Nc4 22. Bxc4 Rxc4 23. Be5 f6 24. Bf4 Rfc8 25.
Bd2 Ba8 26. Ne3 Qb7 27. Kf1 Qh1+ 28. Ke2 Qf3+ 29. Kf1 R4c7 30. Qb1 Qh1+ 31. Ke2 Bf3+ 32. Kd3 Be4+ 33. Ke2 Qf3+ 34. Kf1 Bxb1 35. Raxb1 Qh1+ 36. Ke2 Qxh2 37. Rh1 Qxh1 38. Rxh1 f5 39. f4 Bf6 40. Nd1 Kg7 41. Nf2 g5 42. Nd3 g4 43. Ne5 Bxe5 44.
fxe5 Rh8 45. Ke3 h5 46. Rh4 Kg6 47. Kf4 Rhc8 48. Ke3 b5 49. a3 a5 50. Rh1 Rxc3+ 51. Bxc3 Rxc3+ 52. Kd2 Rxg3 53. Re1 Rxa3 54. d5 Kf7 55. d6 Ke8 56. Rc1 g3 57. Rc8+ Kd7 58. Rc7+ Kd8 59. Rg7 h4 60. Rg8+ Kd7 61. Rg7+ Kc6 62.
Rc7+ Kb6 63. Rc8 Ra4 64. Kc3 Rc4+ 65. Rxc4 bxc4 66. d7 Kc7 67. Kxc4 Kxd7 68. Kb5 g2 69.
Kxa5 g1=Q 70. Kb5 Qe3 71. Kc4 Qxe5 0-1

[Event "*** Titled Tuesday Blitz"]
[Site "Chess.com"]
[Date "2020.05.26"]
[Round "7"]
[White "ElGasanov"]
[Black "hitaman"]
[Result "0-1"]
[WhiteElo "2737"]
[BlackElo "2630"]
[TimeControl "180+1"]
[EndTime "11:22:01 PDT"]
[Termination "hitaman won by resignation"]

1. d4 d5 2. c4 c6 3. Nf3 Nf6 4. Qb3 g6 5. cxd5 cxd5 6. Nc3 Bg7 7. Bg5 O-O 8. e3 e6 9. Be2 Nc6 10. O-O h6 11. Bh4 g5 12. Bg3 Nh5 13. Qa3 Nxg3 14.
hxg3 g4 15. Ne1 h5 16. Nd3 Qg5 17. Nf4 Bd7 18. Rac1 Rfc8 19. Nb5 Bf8 20. Qb3 Rab8 21. a3 a6 22. Nc3 Ne7 23. Na4 Nf5 24. Rxc8 Bxc8 25.
Nb6 h4 26. gxh4 Qxh4 27. g3 Nxg3 28. fxg3 Qxg3+ 29. Ng2 Bd6 30. Bxg4 Qh2+ 31. Kf2 Qg3+ 32. Kg1 Qxg4 33. Nxc8 Rxc8 34. Qxb7 Rc7 35. Qb8+ Kg7 36. Qd8 Rc2 37. Qf6+ Kh7 38. Qxf7+ Qg7 39. Qh5+ Kg8 40. Qe8+ Kh7 41. Qh5+ Kg8 42. Qh3 Qg6 43. Kh1 Kg7 44. Rg1 Qe4 45. Rf1 Rxb2 46. Rg1 Rc2 47. Qh5 Be7 48. Qh3 Rb2 49. Kh2 Bd6+ 50. Kh1 Rb1 51. Qh5 Rxg1+ 52. Kxg1 Qg6 53. Kh1 Qxh5+ 0-1

[Event "*** Titled Tuesday Blitz"]
[Site "Chess.com"]
[Date "2020.05.26"]
[Round "7"]
[White "Chigorinetz"]
[Black "BaMBoMaTTo"]
[Result "0-1"]
[WhiteElo "2512"]
[BlackElo "2685"]
[TimeControl "180+1"]
[EndTime "11:22:01 PDT"]
[Termination "BaMBoMaTTo won on time"]

1. e4 c5 2. Nc3 a6 3. g4 b5 4. Bg2 Bb7 5. Nge2 e6 6. Ng3 Nc6 7. h4 Be7 8. h5 h6 9. d3 Qc7 10.
Be3 Nf6 11. f4 d5 12. e5 d4 13. exf6 gxf6 14. Nd5 exd5 15. Bd2 O-O-O 16. Nf5 Bd6 17.
Kf2 Bxf4 18. Bxf4 Qxf4+ 19. Qf3 Qc7 20. Rae1 Ne5 21. Qg3 Kb8 22. Re2 Bc8 23. b4 Rdg8 24. Rxe5 fxe5 25. Qf3 Be6 26. bxc5 Qxc5 27. Re1 Qxc2+ 28.
Re2 Qc7 29. Rb2 Ka7 30. a4 bxa4 31. Ra2 Rb8 32. Qe2 Rb4 33. Qd2 Qb6 34. Ne7 Rb5 35.
Kg3 Re8 36. Qxh6 Rxe7 37. Qf8 Rc7 38. h6 Rc8 39. Qg7 Qc7 40. h7 Rbb8 41. Rxa4 Rh8 42.
Bf3 e4+ 43. Kf2 exf3 44. Qxd4+ Qb6 45. Rb4 Qxd4+ 46. Rxd4 Rxh7 0-1

[Event "*** Titled Tuesday Blitz"]
[Site "Chess.com"]
[Date "2020.05.26"]
[Round "7"]
[White "I_Hit_18K_on_BS"]
[Black "MMKZH22"]
[Result "0-1"]
[WhiteElo "2074"]
[BlackElo "2287"]
[TimeControl "180+1"]
[EndTime "11:22:01 PDT"]
[Termination "MMKZH22 won by resignation"]

1. e4 c5 2. Nf3 Nc6 3. d4 cxd4 4. Nxd4 g6 5. c4 Bg7 6. Be3 Nf6 7. Nc3 O-O 8. Qd2 d6 9. f3 Bd7 10. Be2 Rc8 11. O-O Nxd4 12. Bxd4 Bc6 13. Nd5 Bxd5 14. cxd5 Nd7 15. f4 Bxd4+ 16. Qxd4 Qb6 17. Qxb6 Nxb6 18. Rac1 f5 19. exf5 gxf5 20. Bd3 Rxc1 21. Rxc1 Nxd5 22. Bc4 e6 23. Bxd5 exd5 24. Rd1 Kf7 25. Rxd5 Ke6 26. Rb5 Rf7 27. Kf2 Rc7 28. h4 h5 29. g3 b6 30. a4 Rc5 31. Rb4 Kd5 32. Ke3 Rc4 33. Rb5+ Ke6 34. a5 Rc5 35. Rxc5 dxc5 36. axb6 axb6 37.
b3 Kd5 38. Kd3 b5 39. Ke2 Ke4 40. Kf2 c4 41. bxc4 bxc4 42. Ke2 c3 43. Kd1 Kd3 44. g4 fxg4 45. f5 g3 46. Ke1 c2 47. Kf1 c1=Q+ 48. Kg2 Qd2+ 49. Kxg3 Qe3+ 50. Kg2 Qf4 51. f6 Qxf6 52.
Kg3 Ke3 53. Kg2 Qf3+ 54. Kg1 Qe2 55. Kh1 Kf3 0-1

[Event "*** Titled Tuesday Blitz"]
[Site "Chess.com"]
[Date "2020.05.26"]
[Round "7"]
[White "SerGo055"]
[Black "MathiasWomacka"]
[Result "1-0"]
[WhiteElo "2569"]
[BlackElo "2393"]
[TimeControl "180+1"]
[EndTime "11:22:02 PDT"]
[Termination "SerGo055 won on time"]

1. d4 Nf6 2. Nf3 e6 3. c4 Bb4+ 4. Bd2 Qe7 5. g3 Bxd2+ 6. Nbxd2 d6 7. Bg2 e5 8. O-O O-O 9. e3 Bg4 10. Qb3 c5 11. dxe5 dxe5 12. h3 Bxf3 13. Bxf3 e4 14.
Bg2 Nc6 15. Rfd1 Rad8 16. a3 h5 17. Qc2 Rfe8 18. Rac1 h4 19. g4 Qe5 20. Nb1 Na5 21. b3 Nc6 22. Nc3 Rxd1+ 23. Rxd1 Ne7 24. Nxe4 Ng6 25. Nxf6+ Qxf6 26. Bxb7 Ne5 27. Qe4 Rb8 28. f4 Ng6 29. f5 Ne5 30. b4 cxb4 31. axb4 Kh7 32.
b5 Nxc4 33. Qxc4 Rxb7 34. Rd2 Qe5 35. Kf2 Qg3+ 36. Ke2 Qxh3 37. Qf4 Rxb5 38. Kd3 Rd5+ 39. Kc3 Rxd2 40. Kxd2 Qg2+ 41. Kd3 h3 42. Qg5 h2 43. Qh4+ Kg8 44. Qd8+ Kh7 45. Qh4+ Kg8 46. f6 gxf6 47. Qxf6 1-0

[Event "*** Titled Tuesday Blitz"]
[Site "Chess.com"]
[Date "2020.05.26"]
[Round "7"]
[White "wnstop"]
[Black "binbin239"]
[Result "1-0"]
[WhiteElo "2570"]
[BlackElo "2397"]
[TimeControl "180+1"]
[EndTime "11:22:02 PDT"]
[Termination "wnstop won by checkmate"]

1. e4 c5 2. Nf3 Nc6 3. Nc3 g6 4.
d4 cxd4 5. Nxd4 Bg7 6. Be3 Nf6 7. Bc4 Qa5 8. O-O d6 9. h3 O-O 10. Bb3 Bd7 11. Re1 Rac8 12. f4 b5 13. a3 b4 14.
axb4 Qxb4 15. Ra4 Qb8 16. Nxc6 Bxc6 17. Rxa7 Nxe4 18. Nxe4 Bxe4 19. Rxe7 d5 20. Bd4 Bxc2 21. Bxc2 Bxd4+ 22. Qxd4 Rxc2 23. Qxd5 Qxf4 24. Rf1 Rc1 25. Ree1 Rxe1 26. Rxe1 Qh4 27. Rf1 Qb4 28. b3 Qe7 29.
Kh1 Rd8 30. Rxf7 Qxf7 31. Qxd8+ Kg7 32. Qd4+ Kh6 33. Qe3+ Kg7 34. Qd4+ Kh6 35. b4 g5 36.
Qd6+ Kg7 37. Qe5+ Kh6 38. b5 Qf1+ 39. Kh2 Qf2 40. Qe6+ Kg7 41. Qe7+ Kg6 42. Qd6+ Kh5 43. b6 Qb2 44. Qe6 h6 45. Qe8+ Kh4 46. Qe1+ Kh5 47. Qe6 Qb1 48. Qf7+ Kh4 49. g3# 1-0

[Event "*** Titled Tuesday Blitz"]
[Site "Chess.com"]
[Date "2020.05.26"]
[Round "7"]
[White "RubensCezila"]
[Black "Pavalamalli"]
[Result "1-0"]
[WhiteElo "2463"]
[BlackElo "2286"]
[TimeControl "180+1"]
[EndTime "11:22:02 PDT"]
[Termination "RubensCezila won by resignation"]

1. c4 e5 2. Nc3 Nc6 3. Nf3 f5 4. d3 Nf6 5. g3 Bb4 6. Bg5 O-O 7. Bg2 Bxc3+ 8. bxc3 d6 9. Rb1 h6 10. Bd2 Rb8 11. O-O f4 12. gxf4 exf4 13. Bxf4 Nh5 14. Bg3 Nf4 15. Bxf4 Rxf4 16. e3 Rg4 17. Kh1 Qf6 18. Nd4 Nxd4 19. cxd4 Rh4 20. Qf3 Qe7 21. Rg1 Bg4 22. Qg3 b6 23. Bd5+ Kh8 24. f3 Bd7 25. Be4 Rf8 26. Qg6 Rxe4 27. Qxe4 Qf7 28. Rg3 Bf5 29. Qd5 Qd7 30. f4 c6 31. Qg2 Bxd3 32. Rg1 Rf7 33. e4 Bxc4 34. f5 b5 35.
f6 g5 36. Rxg5 hxg5 37. Qxg5 Rh7 38. d5 Qf7 39. dxc6 Be6 40. Rg2 Rh5 41. Qg7+ Qxg7 42. Rxg7 Re5 43. Re7 Rxe4 44. c7 Re1+ 45. Kg2 Bd5+ 46.
Kf2 Rxe7 47. fxe7 Kg7 48. e8=Q Bf7 49. Qe7 1-0

[Event "*** Titled Tuesday Blitz"]
[Site "Chess.com"]
[Date "2020.05.26"]
[Round "7"]
[White "Everyfishknows"]
[Black "Efremov_Vlad"]
[Result "0-1"]
[WhiteElo "2317"]
[BlackElo "2161"]
[TimeControl "180+1"]
[EndTime "11:22:02 PDT"]
[Termination "Efremov_Vlad won on time"]

1. e4 c5 2. Nf3 a6 3. c3 d5 4. exd5 Qxd5 5. d4 e6 6. Bd3 Nc6 7. O-O Nf6 8. Re1 Be7 9. a4 O-O 10. Bf4 b6 11. c4 Qd8 12. dxc5 Bxc5 13. Nc3 Bb7 14. Ne5 Rc8 15. Nxc6 Bxc6 16. Qe2 Qe7 17.
Rad1 Rfd8 18. Bb1 Qb7 19. Bg5 Be7 20. f3 Rxd1 21. Rxd1 Rd8 22. Rxd8+ Bxd8 23. Qd3 Qd7 24. Qxd7 Bxd7 25. Ne4 Bxa4 26. Nxf6+ Bxf6 27. Bxf6 gxf6 28. Kf2 Bb3 29. Bd3 f5 30. f4 Kf8 31. Ke3 Ke7 32. Kd4 Kd6 33. h3 h6 34. g4 fxg4 35. hxg4 Bd1 36. g5 hxg5 37. fxg5 Bh5 38. b3 e5+ 39. Ke3 Bg6 40. Be2 Kc5 41. Kd2 Kb4 42. Bd1 a5 43.
Ke3 Bf5 44. Kd2 a4 45. bxa4 Kxc4 46. Kc1 Kb4 47. Kb2 Bd7 48. Kc1 Bxa4 49. Bf3 Bd7 50.
Bh5 Be6 51. g6 fxg6 52. Bxg6 Kc3 53. Kd1 b5 54. Ke2 b4 55. Ke3 Bd5 56. Bb1 Kb2 57. Bd3 b3 58. Kd2 Ka1 59. Kc3 b2 0-1